 Dungeon Crawl Stone Soup version 0.18.1-50-g88ac8fd (webtiles) character file.

245242 Ery the Hoplite (level 19, -6/285 HPs)
             Began as a Minotaur Berserker on Oct 23, 2016.
             Was the Champion of Trog.
             Mangled by an azure jelly (19 damage)
             ... created by the Royal Jelly
             ... on level 5 of the Pits of Slime on Oct 24, 2016.
             The game lasted 03:13:43 (36388 turns).

Ery the Hoplite (Minotaur Berserker)               Turns: 36388, Time: 03:13:43

Health: -6/285     AC:  9    Str: 36    XL:     19   Next: 17%
Magic:  18/18      EV: 17    Int:  4    God:    Trog [******]
Gold:   485        SH: 27    Dex: 16    Spells: 0 memorised, 18 levels left

rFire  . . .     SeeInvis +     w - +8 war axe "Rofumuc" {chop, rPois Str+4 Stlth+}
rCold  . . .     Gourm    .     q - +0 pearl dragon armour
rNeg   + + .     Faith    .     J - +0 large shield
rPois  +         Spirit   .     (helmet unavailable)
rElec  .         Dismiss  .     W - +1 cloak
rCorr  +         Reflect  .     d - +1 pair of gloves {Str+3}
SustAt .         Harm     .     L - +0 pair of boots {run}
MR     ++...                    G - amulet of regeneration
Stlth  ..........               g - ring of resist corrosion
                                E - ring of Joicsyad {Fragile rN+ MR- Slay+4 SInv}

@: berserking, corroded, regenerating, very quick, very resistant to hostile
enchantments, extremely unstealthy
A: retaliatory headbutt, horns 3, molten scales 1, slimy green scales 1, clumsy
1, deterioration 1, mutation resistance 1, poison resistance, regeneration 1,
strong 1, subdued magic 1
a: Berserk, Trog's Hand, Brothers in Arms, Burn Spellbooks, Renounce Religion
}: 1/15 runes: serpentine


You were on level 5 of the Pits of Slime.
You worshipped Trog.
Trog was exalted by your worship.
You were very full.

You visited 5 branches of the dungeon, and saw 35 of its levels.

You collected 3622 gold pieces.
You spent 3137 gold pieces at shops.

Inventory:

Hand Weapons
 w - the +8 war axe "Rofumuc" (weapon) {chop, rPois Str+4 Stlth+}
   (Trog gifted it to you on level 1 of the Snake Pit)

   It inflicts extra damage upon your enemies.
   It affects your strength (+4).
   It protects you from poison.
   It makes you more stealthy.
 X - the +7 broad axe of Dullness {chop, MR++ SInv}
   (Trog gifted it to you on level 4 of the Lair of Beasts)

   It inflicts extra damage upon your enemies.
   It affects your resistance to hostile enchantments.
   It lets you see invisible.
Armour
 d - a +1 pair of gloves of strength (worn)
 q - a +0 pearl dragon armour (worn)
 J - a +0 large shield (worn)
 L - a +0 pair of boots of running (worn)
 W - a +1 cloak (worn)
Jewellery
 g - a ring of resist corrosion (right hand)
 E - the ring of Joicsyad (left hand) {Fragile rN+ MR- Slay+4 SInv}
   (You found it on level 10 of the Dungeon)

   [ring of positive energy]

   It affects your accuracy and damage with ranged weapons and melee attacks
   (+4).
   It protects you from negative energy.
   It affects your resistance to hostile enchantments.
   It lets you see invisible.
   It will be destroyed if unequipped.
 G - an amulet of regeneration (around neck)
 R - an uncursed ring of protection from cold
Wands
 P - a wand of hasting (6/9)
Scrolls
 b - 4 scrolls of blinking
 e - 4 scrolls of enchant armour
 j - 4 scrolls of identify
 k - 9 scrolls of teleportation
 l - 4 scrolls of magic mapping
 o - 12 scrolls of remove curse
 p - 12 scrolls of enchant weapon
 s - a scroll of summoning
 t - a scroll of holy word
 v - a scroll of fear {unknown}
 x - a scroll of fog
 y - a scroll of brand weapon {unknown}
 I - 2 scrolls of acquirement {unknown}
 M - a scroll of silence {unknown}
 O - 6 scrolls of recharging
 U - a scroll of vulnerability {unknown}
Potions
 a - 2 potions of magic
 f - a potion of curing
 h - 3 potions of agility
 i - 2 potions of mutation
 m - 6 potions of flight
 n - 2 potions of might {unknown}
 r - 2 potions of cancellation
 u - 3 potions of resistance
 z - 2 potions of invisibility
 C - a potion of cure mutation
 F - 4 potions of haste
 H - 2 potions of heal wounds
 K - 3 potions of brilliance
Comestibles
 c - 13 bread rations
 A - 11 royal jellies
 D - 3 meat rations
 V - 20 fruits


   Skills:
 * Level 21.5 Fighting
 - Level 18.5 Axes
 + Level 12.7 Armour
 + Level 10.7 Dodging
 * Level 22.4 Shields


You had 18 spell levels left.
You didn't know any spells.

Dungeon Overview and Level Annotations

Branches:
Dungeon (15/15)            Temple (0/1) D:6            Lair (8/8) D:8
 Shoals (0/4) Lair:6        Snake (4/4) Lair:4        Slime (6/6) Lair:7
    Orc (2/2) D:10            Elf (0/3) Orc:2        Vaults (0/5) D:13
 Depths (0/5) D:15

Altars:
Cheibriados
Dithmenos
Fedhas
Kikubaaqudgha
Makhleb
Nemelex Xobeh
Okawaru
Pakellas
Ru
Xom
Yredelemnul
Zin
Beogh
Jiyva

Shops:
D:5 *   D:15 %   Orc:1 ?   Orc:2 ![?*   Snake:1 ((![(

Portals:
Hell: Lair:8
Trove: D:10 (give potion of experience)

Annotations:
Snake:1 exclusion: Roxanne, Roxanne


Innate Abilities, Weirdness & Mutations

You reflexively headbutt those who attack you in melee.
You have a pair of large horns on your head.
You are partially covered in molten scales (AC +1).
You are partially covered in slimy green scales (AC +2).
You are clumsy. (Dex -2)
Your body sometimes deteriorates upon taking damage.
You are somewhat resistant to further mutation.
Your system is resistant to poisons.
Your natural rate of healing is unusually fast.
Your muscles are strong. (Str +2)
Your spells are a little easier to cast, but a little less powerful.


Message History

The azure jelly is heavily wounded.
You closely miss the azure jelly. You block the azure jelly's attack. x3
The azure jelly closely misses you.
Unknown command.
You slice the azure jelly!!
You kill the azure jelly!
That felt strangely unrewarding.
You slice the azure jelly!!
The azure jelly is moderately wounded.
You hit the azure jelly but do no damage.
The azure jelly is heavily wounded.
You block the azure jelly's attack. The azure jelly hits you.
* * * LOW HITPOINT WARNING * * *
The azure jelly freezes you!!!
* * * LOW HITPOINT WARNING * * *
You block the azure jelly's attack. The azure jelly barely misses you.
The azure jelly closely misses you. You furiously retaliate!
You headbutt the azure jelly!! The azure jelly hits you!
* * * LOW HITPOINT WARNING * * *
The azure jelly freezes you!!
You die...

..............#..##
..................#
#.........#.......####
...................#.##
..................#...#
.....................##
..#....#.............##
...............J...<..#
..#.#.#.........@....##
.#....#..........J..##
###......<..........##
#..................##
##..................#
###........###.....#
#.........##....## ##
##.....#..##.....#
#.###..<.......#....##


You could see 2 azure jellies.

Vanquished Creatures
  Norris (Snake:3)
  14 acid blobs
  Frances (Snake:1)
  10 greater nagas
  7 azure jellies
  Louise (Snake:1)
  Aizul (Snake:1)
  A stone giant (Orc:2)
  The ghost of Drunkenshrew the Fighter, a journeyman MiFi of Ashenzari (D:13)
  3 dire elephants (Lair:8)
  4 death oozes (Slime:6)
  Josephine (D:12)
  The ghost of ender666 the Blocker, a journeyman GrFi (D:12)
  2 ice dragons (D:15)
  2 great orbs of eyes (Slime:5)
  9 naga warriors
  A hell beast (Lair:8)
  6 centaur warriors
  12 hydras
  3 ogre magi
  16 anacondas
  A catoblepas (Lair:7)
  A deep troll earth mage (D:10)
  3 death knights
  9 death yaks
  2 tengu warriors (D:15)
  5 orc high priests (Orc:2)
  15 naga sharpshooters
  Urug (D:13)
  Sonja (Lair:2)
  6 shock serpents
  A deep elf knight (D:13)
  2 salamander mystics
  3 sea snakes (Snake:4)
  3 unseen horrors
  2 wizards
  Pikel (D:4)
  A giant orange brain (Slime:2)
  2 necromancers (D:13)
  10 hill giants
  A lindwurm (Lair:8)
  8 orc knights (Orc:2)
  13 naga ritualists
  The ghost of Dioneo the Cleaver, a novice HOAK of Lugonu (D:6)
  3 griffons
  21 ugly things
  15 mana vipers
  An orc sorcerer (Orc:2)
  5 salamanders
  A manticore (D:11)
  2 sirens (Lair:6)
  19 elephants
  7 cyclopes
  7 guardian serpents
  49 black mambas
  Psyche (D:9)
  An eye of devastation (Slime:5)
  2 centaur zombies
  12 naga magi
  5 orange demons (Lair:8)
  The ghost of Drunkenshrew the Cutter, a novice DrFE (D:5)
  4 centaur skeletons
  15 spiny frogs
  12 komodo dragons
  2 efreet (D:13)
  4 ice devils (Lair:8)
  4 rime drakes
  3 freezing wraiths
  A kobold demonologist (D:10)
  A hellwing (Lair:8)
  A tengu conjurer (D:14)
  12 trolls
  A queen bee (Lair:4)
  A polar bear (Lair:4)
  2 merfolk (Lair:6)
  Edmund (D:4)
  5 two-headed ogres
  67 slime creatures
  25 blink frogs
  A centaur simulacrum (D:14)
  5 shadows
  8 wyverns
  9 wraiths
  48 yaks
  A human (D:7)
  3 steam dragons
  4 golden eyes
  6 basilisks
  A hog (D:7)
  3 hungry ghosts
  6 vampire mosquitoes
  18 hippogriffs
  3 wargs
  A mottled dragon (D:13)
  A soldier ant (D:15)
  58 nagas
  13 water moccasins
  2 hell hounds
  12 porcupines
  2 black bears
  7 ice beasts
  39 orc warriors
  A slave (D:4)
  2 eyes of draining
  5 sky beasts
  4 phantoms
  2 wasps
  5 wolves
  17 ogres
  16 centaurs
  16 crocodiles
  5 big kobolds
  18 giant frogs
  A gnoll sergeant (D:10)
  A wyvern zombie (D:11)
  A scorpion (D:11)
  42 killer bees
  8 wights
  9 howler monkeys
  A giant frog zombie (D:7)
  12 crimson imps
  2 quasits
  A wasp zombie (D:10)
  9 hounds
  34 orc priests
  5 giant frog skeletons
  2 gnoll shamans
  18 jellies
  26 orc wizards
  18 iguanas
  Ijyb (D:2)
  11 worker ants
  10 hell rats (Lair:7)
  45 sheep
  3 hound zombies (D:10)
  A hound skeleton (D:10)
  Robin (D:2)
  15 gnolls
  12 adders
  84 river rats
  4 shadow imps
  An ooze (D:3)
  2 adder skeletons
  A worm (D:6)
  3 dart slugs
  7 giant geckos
  118 orcs
  2 ball pythons
  8 bats
  6 giant cockroaches
  13 goblins
  8 hobgoblins
  11 jackals
  29 kobolds
  5 quokkas
  6 giant newts
  A jackal skeleton (D:6)
  2 quokka skeletons
  42 rats
  A bush (Lair:8)
  18 fungi
  3 plants
1508 creatures vanquished.

Vanquished Creatures (collateral kills)
  the Royal Jelly (Slime:6)
  Gastronok (D:9)
  A deep elf mage (D:11)
  A tengu conjurer (D:11)
  A hungry ghost (D:9)
  An orc (Orc:2)
6 creatures vanquished.

Vanquished Creatures (others)
  A salamander (Snake:1)
  A slave (D:4)
  A scorpion (D:4)
  A worker ant (D:4)
  A ball lightning (Lair:8)
  A bush (Lair:8)
  10 fungi
  11 plants
27 creatures vanquished.

Grand Total: 1541 creatures vanquished

Notes
Turn   | Place    | Note
--------------------------------------------------------------
     0 | D:1      | Ery the Minotaur Berserker began the quest for the Orb.
     0 | D:1      | Reached XP level 1. HP: 19/19 MP: 0/0
   386 | D:1      | Reached XP level 2. HP: 17/27 MP: 1/1
   749 | D:1      | You fall through a shaft!
   846 | D:2      | Reached XP level 3. HP: 33/33 MP: 2/2
   985 | D:2      | Reached ** piety under Trog
  1055 | D:2      | Noticed Ijyb
  1055 | D:2      | Noticed Robin
  1068 | D:2      | Killed Ijyb
  1068 | D:2      | Reached XP level 4. HP: 41/41 MP: 3/3
  1069 | D:2      | Killed Robin
  1069 | D:2      | Reached skill level 5 in Fighting
  1464 | D:2      | Reached *** piety under Trog
  1591 | D:3      | Reached XP level 5. HP: 48/48 MP: 4/4
  1919 | D:3      | Found a basalt altar of Yredelemnul.
  1919 | D:3      | Found a blossoming altar of Fedhas.
  2112 | D:3      | Reached skill level 5 in Axes
  2355 | D:4      | Noticed Pikel
  2355 | D:4      | Noticed a slave
  2355 | D:4      | Noticed a slave
  2355 | D:4      | Noticed a slave
  2356 | D:4      | Noticed a slave
  2360 | D:4      | Killed a slave
  2362 | D:4      | Killed Pikel
  2362 | D:4      | Reached skill level 5 in Armour
  2362 | D:4      | Reached XP level 6. HP: 58/58 MP: 5/5
  2362 | D:4      | Reached XP level 7. HP: 64/64 MP: 6/6
  2368 | D:4      | Reached **** piety under Trog
  2845 | D:4      | Found a glowing silver altar of Zin.
  2846 | D:4      | Noticed an angel
  2992 | D:4      | Noticed Edmund
  3011 | D:4      | Killed Edmund
  3011 | D:4      | Reached XP level 8. HP: 71/73 MP: 7/7
  3045 | D:4      | Found a glowing drain.
  3285 | D:4      | Found a shimmering altar of Xom.
  3374 | D:4      | Found a shimmering altar of Xom.
  3675 | D:4      | Reached ***** piety under Trog
  3844 | D:5      | Entered Level 5 of the Dungeon
  3899 | D:5      | Found Rioky's General Store.
  4124 | D:5      | Noticed Drunkenshrew's ghost (novice DrFE)
  4136 | D:5      | Killed Drunkenshrew's ghost
  4280 | D:5      | Found a shadowy altar of Dithmenos.
  4854 | D:6      | Reached XP level 9. HP: 69/82 MP: 8/8
  4900 | D:6      | Reached skill level 10 in Axes
  4903 | D:6      | Noticed Dioneo's ghost (novice HOAK)
  4917 | D:6      | Killed Dioneo's ghost
  5215 | D:6      | Found an iron altar of Okawaru.
  5240 | D:6      | Found a staircase to the Ecumenical Temple.
  5258 | D:6      | Found an oddly glowing altar of Pakellas.
  5299 | D:6      | Found a snail-covered altar of Cheibriados.
  5491 | D:6      | Found a sacrificial altar of Ru.
  6184 | D:7      | Reached skill level 10 in Fighting
  6322 | D:7      | Reached skill level 1 in Shields
  6322 | D:7      | Reached XP level 10. HP: 81/93 MP: 9/9
  6615 | D:8      | Reached skill level 2 in Shields
  6795 | D:8      | Received a gift from Trog
  7007 | D:8      | Reached skill level 3 in Shields
  7275 | D:8      | Found a sparkling altar of Nemelex Xobeh.
  7298 | D:8      | Found a staircase to the Lair.
  7639 | D:8      | Reached skill level 4 in Shields
  7858 | D:9      | Noticed Psyche
  7866 | D:9      | Killed Psyche
  7944 | D:9      | Noticed Gastronok
  7959 | D:9      | Killed Gastronok
  7959 | D:9      | Reached skill level 5 in Shields
  8031 | D:9      | Reached skill level 6 in Shields
  9088 | D:10     | Entered Level 10 of the Dungeon
  9124 | D:10     | Reached XP level 11. HP: 102/102 MP: 10/10
  9182 | D:10     | Noticed a hill giant
  9195 | D:10     | Killed a hill giant
  9236 | D:10     | Got a steaming brass ring
  9243 | D:10     | Identified the ring of Joicsyad {Fragile rN+ MR- Slay+4 SInv} (You found it on level 10 of the Dungeon)
  9249 | D:10     | Found a shimmering altar of Xom.
  9250 | D:10     | Noticed a deep troll earth mage
  9257 | D:10     | Noticed a hill giant
  9259 | D:10     | Noticed an ogre mage
  9272 | D:10     | Killed a deep troll earth mage
  9272 | D:10     | Reached skill level 7 in Shields
  9277 | D:10     | Killed a hill giant
  9277 | D:10     | Received a gift from Trog
  9296 | D:10     | Killed an ogre mage
  9446 | D:10     | Identified the Grimoire of the Poisonous Mountains
  9456 | D:10     | Identified a +0 pair of boots of running (You found it on level 10 of the Dungeon)
  9534 | D:10     | Gained mutation: Your mind is acute. (Int +2) [mutagenic meat]
  9535 | D:10     | Gained mutation: You are partially covered in molten scales (AC +1). [mutagenic meat]
  9536 | D:10     | Gained mutation: Your spells are a little easier to cast, but a little less powerful. [mutagenic meat]
  9538 | D:10     | Gained mutation: You are partially covered in slimy green scales (AC +2). [mutagenic meat]
  9562 | D:10     | Got a crystal hand axe
  9563 | D:10     | Identified the +6 hand axe "Ustodeg" {flame, *Corrode +Blink rN++ SInv} (You found it on level 10 of the Dungeon)
  9609 | D:10     | Noticed an unseen horror
  9619 | D:10     | Killed an unseen horror
  9619 | D:10     | Reached skill level 8 in Shields
  9830 | D:10     | Received a gift from Trog
 10375 | D:10     | Found a staircase to the Orcish Mines.
 10397 | D:10     | Reached ****** piety under Trog
 10907 | D:10     | Found a portal to a secret trove of treasure.
 11115 | D:11     | Reached skill level 9 in Shields
 11305 | D:11     | Reached XP level 12. HP: 110/112 MP: 11/11
 11533 | D:11     | Noticed a four-headed hydra
 11534 | D:11     | Noticed an eight-headed hydra
 11535 | D:11     | Noticed an ogre mage
 11544 | D:11     | Killed a five-headed hydra
 11546 | D:11     | Reached skill level 10 in Shields
 11551 | D:11     | Killed a one-headed hydra
 11551 | D:11     | Reached skill level 5 in Dodging
 11558 | D:11     | Noticed a death knight
 11734 | D:11     | Killed an ogre mage
 11877 | D:11     | Killed a death knight
 11992 | D:11     | Reached skill level 11 in Shields
 12276 | D:12     | Found a roughly hewn altar of Beogh.
 12288 | D:12     | Received a gift from Trog
 12380 | D:12     | Noticed Josephine
 12408 | D:12     | Killed Josephine
 12490 | D:12     | Reached skill level 10 in Armour
 12560 | D:12     | Noticed ender666's ghost (journeyman GrFi)
 12602 | D:12     | Killed ender666's ghost
 12807 | D:12     | Reached skill level 12 in Shields
 13022 | D:13     | Reached XP level 13. HP: 124/124 MP: 12/12
 13197 | D:13     | Noticed Drunkenshrew's ghost (journeyman MiFi)
 13216 | D:13     | Killed Drunkenshrew's ghost
 13613 | D:13     | Received a gift from Trog
 13613 | D:13     | Reached skill level 13 in Shields
 13674 | D:13     | Noticed Urug
 13683 | D:13     | Killed Urug
 13707 | D:13     | Found a gate to the Vaults.
 14520 | Lair:1   | Entered Level 1 of the Lair of Beasts
 14533 | Lair:1   | Reached skill level 15 in Fighting
 14589 | Lair:1   | Reached skill level 14 in Shields
 14860 | Lair:1   | Got a bloodstained scale mail
 14873 | Lair:1   | Identified the +5 scale mail "Visenwoj" {rC+ Regen+} (You found it on level 1 of the Lair of Beasts)
 15350 | Lair:2   | Received a gift from Trog
 15409 | Lair:2   | Noticed Sonja
 15449 | Lair:2   | You fall through a shaft!
 15515 | Lair:3   | Reached XP level 14. HP: 135/136 MP: 13/13
 15556 | Lair:3   | Identified the Almanac of Unholy Cold
 15666 | Lair:3   | Reached skill level 15 in Shields
 16197 | Lair:3   | Got a fine scale mail
 16208 | Lair:3   | Identified the +5 scale mail "Trusted Companion" {MR+} (You found it on level 3 of the Lair of Beasts)
 16786 | Lair:2   | Killed Sonja
 17431 | Lair:4   | Found a dark tunnel.
 17495 | Lair:4   | Received a gift from Trog
 17521 | Lair:4   | Got an iridescent broad axe {god gift}
 17522 | Lair:4   | Identified the +7 broad axe of Dullness {chop, MR++ SInv} (Trog gifted it to you on level 4 of the Lair of Beasts)
 17537 | Lair:4   | Found a staircase to the Snake Pit.
 18314 | Lair:5   | Reached skill level 15 in Axes
 18419 | Lair:5   | Received a gift from Trog
 19046 | Lair:6   | Reached skill level 16 in Shields
 19252 | Lair:6   | Found a frozen archway.
 19467 | Lair:6   | Found a staircase to the Shoals.
 19919 | Lair:7   | Found a viscous altar of Jiyva.
 19919 | Lair:7   | Found a staircase to the Slime Pits.
 20428 | Lair:7   | Received a gift from Trog
 20476 | Lair:7   | Received a gift from Trog
 20810 | Lair:8   | Entered Level 8 of the Lair of Beasts
 20822 | Lair:8   | Reached XP level 15. HP: 146/146 MP: 14/14
 20991 | Lair:8   | Found an ancient bone altar of Kikubaaqudgha.
 21260 | Lair:8   | Received a gift from Trog
 21603 | Lair:8   | Reached skill level 17 in Shields
 21648 | Lair:8   | Found a burning altar of Makhleb.
 21691 | Lair:8   | Found a gateway to Hell.
 21716 | Lair:8   | Got a faintly glowing shortbow
 22312 | Lair:1   | Received a gift from Trog
 22362 | Orc:1    | Entered Level 1 of the Orcish Mines
 22643 | Orc:1    | Found Cusish's Magic Scroll Boutique.
 22827 | Orc:2    | Entered Level 2 of the Orcish Mines
 22827 | Orc:2    | Found a staircase to the Elven Halls.
 22895 | Orc:2    | Found a roughly hewn altar of Beogh.
 22938 | Orc:2    | Received a gift from Trog
 23481 | Orc:2    | Received a gift from Trog
 23591 | Orc:2    | Found Piono's Assorted Antiques.
 23606 | Orc:2    | Found Wailout's Antique Armour Shop.
 23618 | Orc:2    | Found Tyrakej's Distillery.
 23619 | Orc:2    | Found Losuir's Magic Scroll Boutique.
 23794 | Orc:2    | Bought a scroll of identify for 20 gold pieces
 23800 | Orc:2    | Bought a pearl dragon armour for 2600 gold pieces
 23800 | Orc:2    | Bought an ancient buckler for 247 gold pieces
 23820 | Orc:2    | Identified the +3 buckler "Feidegh" {rElec} (You bought it in a shop on level 2 of the Orcish Mines)
 24194 | D:13     | Reached XP level 16. HP: 115/157 MP: 15/15
 24629 | D:14     | Reached skill level 18 in Shields
 24695 | D:14     | Received a gift from Trog
 24722 | D:14     | Got a scorched arbalest
 24775 | D:14     | Gained mutation: You are occasionally teleported next to monsters. [mutagenic meat]
 24776 | D:14     | Gained mutation: You tend to lose your temper in combat. [mutagenic meat]
 24777 | D:14     | Lost mutation: You tend to lose your temper in combat. [mutagenic meat]
 24904 | D:14     | Got a transparent dagger
 24905 | D:14     | Identified the cursed +0 dagger of the Ten Beggars {flame, *Confuse rF- Str+9 Stlth+} (You found it on level 14 of the Dungeon)
 24912 | D:14     | Identified the +5 arbalest "Bingo" {venom, Str+8} (You found it on level 14 of the Dungeon)
 25039 | D:14     | Gained mutation: Your system is resistant to poisons. [mutagenic meat]
 25040 | D:14     | Gained mutation: You are robust (+10% HP). [mutagenic meat]
 25041 | D:14     | Gained mutation: You have a pair of large horns on your head. [mutagenic meat]
 25042 | D:14     | Gained mutation: You expend magic power (3 MP) to strengthen your wands. [mutagenic meat]
 25044 | D:14     | Lost mutation: You are occasionally teleported next to monsters. [mutagenic meat]
 25046 | D:14     | Gained mutation: Your body sometimes deteriorates upon taking damage. [mutagenic meat]
 25047 | D:14     | Lost mutation: Your body sometimes deteriorates upon taking damage. [mutagenic meat]
 25048 | D:14     | Lost mutation: You are robust (+10% HP). [mutagenic meat]
 25049 | D:14     | Gained mutation: You are somewhat resistant to further mutation. [mutagenic meat]
 26004 | Orc:2    | Bought a pair of glowing boots for 117 gold pieces
 26263 | D:15     | Entered Level 15 of the Dungeon
 26437 | D:15     | Got a heavy robe
 26520 | D:15     | Received a gift from Trog
 26827 | D:15     | Gained mutation: Your natural rate of healing is unusually fast. [mutagenic meat]
 26830 | D:15     | Lost mutation: You expend magic power (3 MP) to strengthen your wands. [mutagenic meat]
 26831 | D:15     | Gained mutation: You are clumsy. (Dex -2) [mutagenic meat]
 27174 | D:15     | Found Zeopto's Food Shop.
 27483 | D:15     | Found a staircase to the Depths.
 27597 | D:15     | Identified the +2 robe of Ru's Outrage {SInv} (You found it on level 15 of the Dungeon)
 27866 | Snake:1  | Entered Level 1 of the Snake Pit
 28240 | Snake:1  | Found Far Cysyg's Distillery.
 28243 | Snake:1  | Found Qovuhost's Antique Armour Shoppe.
 28251 | Snake:1  | Bought a pair of embroidered gloves for 153 gold pieces
 28300 | Snake:1  | Reached skill level 19 in Shields
 28604 | Snake:1  | Noticed Aizul
 28612 | Snake:1  | Killed Aizul
 28787 | Snake:1  | Noticed Frances
 28801 | Snake:1  | Killed Frances
 28843 | Snake:1  | Found Veluthry's Weapon Shop.
 28864 | Snake:1  | Noticed Louise
 28882 | Snake:1  | Killed Louise
 28882 | Snake:1  | Reached XP level 17. HP: 149/168 MP: 16/16
 28900 | Snake:1  | Noticed Roxanne
 28961 | Snake:1  | Found Ymiphi's Weapon Boutique.
 29062 | Snake:1  | Found Puoseops's Weapon Boutique.
 29249 | Snake:1  | Received a gift from Trog
 29254 | Snake:1  | Got an iridescent war axe {god gift}
 29255 | Snake:1  | Identified the +8 war axe "Rofumuc" {chop, rPois Str+4 Stlth+} (Trog gifted it to you on level 1 of the Snake Pit)
 30867 | Snake:2  | Got an ichor-stained buckler
 30878 | Snake:2  | Identified the +1 buckler of Elitism {Str+3} (You found it on level 2 of the Snake Pit)
 31049 | Snake:2  | Received a gift from Trog
 31219 | Snake:2  | Gained mutation: Your muscles are strong. (Str +2) [mutagenic meat]
 31246 | Snake:3  | Noticed Norris
 31260 | Snake:3  | Killed Norris
 31321 | Snake:3  | Reached skill level 20 in Shields
 31869 | Snake:3  | Gained mutation: Your body sometimes deteriorates upon taking damage. [mutagenic meat]
 31870 | Snake:3  | Lost mutation: Your mind is acute. (Int +2) [mutagenic meat]
 31973 | Snake:4  | Entered Level 4 of the Snake Pit
 32559 | Snake:4  | Received a gift from Trog
 32911 | Snake:4  | Reached XP level 18. HP: 178/178 MP: 17/17
 33195 | Snake:4  | Received a gift from Trog
 33195 | Snake:4  | Reached skill level 21 in Shields
 33210 | Snake:4  | Reached skill level 10 in Dodging
 33614 | Snake:4  | Got a serpentine rune of Zot
 34035 | Snake:3  | Received a gift from Trog
 34150 | Slime:1  | Entered Level 1 of the Pits of Slime
 34815 | Slime:3  | Reached skill level 22 in Shields
 35531 | Slime:5  | Received a gift from Trog
 36044 | Slime:6  | Entered Level 6 of the Pits of Slime
 36093 | Slime:6  | Reached XP level 19. HP: 176/189 MP: 18/18
 36131 | Slime:6  | Noticed the Royal Jelly
 36376 | Slime:6  | Killed the Royal Jelly
 36388 | Slime:5  | HP: 13/285 [azure jelly[the Royal Jelly] (7)]
 36388 | Slime:5  | Mangled by an azure jelly

Skill      XL: |  1  2  3  4  5  6  7  8  9 10 11 12 13 14 15 16 17 18 |
---------------+-------------------------------------------------------+-----
Fighting       | 4 5 6 7 8 10 11 12 14 15 16 18 19 20 21 | 21.5
Axes           | 4 6 7 9 11 13 14 15 17 18 | 18.5
Dodging        | 3 4 5 6 7 8 9 10 | 10.7
Armour         | 3 5 6 7 8 9 10 11 12 | 12.7
Shields        | 1 6 9 12 14 16 17 19 20 22 | 22.4

Action                   |  1- 3 |  4- 6 |  7- 9 | 10-12 | 13-15 | 16-18 | 19-21 || total
-------------------------+-------+-------+-------+-------+-------+-------+-------++-------
Melee: Hand axe          |    78 |    58 |       |   391 |   475 |       |       ||  1002
       Headbutt          |     8 |    28 |    47 |   166 |   302 |   325 |    13 ||   889
       War axe           |       |    55 |   228 |   244 |       |   710 |    26 ||  1263
       Broad axe         |       |       |       |       |   801 |   405 |       ||  1206
Invok: Berserk           |     3 |     1 |     2 |     9 |     6 |     9 |     1 ||    31
       Burn Spellbooks   |       |       |       |     3 |     2 |       |       ||     5
       Brothers in Arms  |       |       |       |     3 |     1 |     2 |     1 ||     7
       Trog's Hand       |       |       |       |     3 |     2 |     5 |     1 ||    11
  Use: Scroll            |       |       |     9 |     8 |    12 |     7 |       ||    36
       Potion            |       |       |       |       |       |     2 |     2 ||     4
 Stab: Sleeping          |     1 |       |       |       |       |       |       ||     1
       Petrified         |       |       |       |       |     2 |       |       ||     2
  Eat: Chunk             |     2 |     5 |     8 |    16 |     8 |    36 |       ||    75
       Fruit             |       |     1 |     1 |     2 |       |     2 |       ||     6
       Beef jerky        |       |       |     1 |     1 |     2 |     7 |       ||    11
       Meat ration       |       |       |     1 |     1 |     1 |     5 |     1 ||     9
       Bread ration      |       |       |       |     3 |     3 |     2 |       ||     8
       Pizza             |       |       |       |     1 |     7 |     3 |       ||    11
Armor: Animal skin       |     8 |       |       |       |       |       |       ||     8
       Plate armour      |    30 |    63 |   156 |   204 |    58 |       |       ||   511
       Scale mail        |       |       |       |       |   309 |       |       ||   309
       Pearl dragon armo |       |       |       |       |     1 |   240 |    22 ||   263
Dodge: Dodged            |    31 |    30 |   105 |    72 |   272 |   290 |    36 ||   836
Block: Large shield      |       |       |    18 |   408 |   981 |  1064 |    48 ||  2519
